 Dungeon Crawl Stone Soup version 0.29-a0-231-g945431f764 (webtiles) character file.

Game seed: 5968672627803297875

611 Hasart the Shooter (level 7, -1/57 HPs)
             Began as a Demigod Hunter on Feb 28, 2022.
             Succumbed to a killer bee's poison
             ... on level 4 of the Dungeon.
             The game lasted 00:07:15 (4333 turns).

Hasart the Shooter (Demigod Hunter)                 Turns: 4333, Time: 00:07:16

Health: -1/57      AC:  3    Str: 13    XL:     7   Next: 0%
Magic:  9/9        EV: 14    Int: 13    God:
Gold:   128        SH:  0    Dex: 22    Spells: 6/6 levels left

rFire   . . .      SeeInvis .   a - +1 shortbow
rCold   + . .      Faith    .   (shield currently unavailable)
rNeg    . . .      Spirit   .   b - +0 leather armour
rPois   .          Reflect  .   (no helmet)
rElec   .          Harm     .   (no cloak)
rCorr   .          Rampage  .   (no gloves)
Will    .....                   (no boots)
Stlth   +++.......              (no amulet)
HPRegen 0.19/turn               i - ring of protection from cold
MPRegen 0.11/turn               (no ring)

@: lethally poisoned (-1 -> -13)
A: high MP 1, forlorn, divine attributes
a: no special abilities


You were on level 4 of the Dungeon.
You visited 1 branch of the dungeon, and saw 5 of its levels.

You collected 128 gold pieces.

Inventory:

Hand Weapons
 a - a +1 shortbow (weapon)
Armour
 b - a +0 leather armour (worn)
Jewellery
 i - a ring of protection from cold (left hand)
 w - a +4 ring of protection
Wands
 g - a wand of acid (2)
 s - a wand of digging (3)
Scrolls
 d - a scroll of immolation
 e - 2 scrolls of blinking
 h - a scroll of vulnerability {unknown}
 j - a scroll of silence {unknown}
 m - a scroll of amnesia {unknown}
 n - a scroll of enchant armour {unknown}
 q - 2 scrolls of teleportation {unknown}
 t - 3 scrolls of fog {unknown}
 u - a scroll of enchant weapon {unknown}
 v - a scroll of identify {unknown}
 x - a scroll of fear {unknown}
Potions
 c - a potion of lignification {unknown}
 f - 2 potions of brilliance {unknown}
 k - a potion of heal wounds {unknown}
 l - a potion of magic {unknown}
 o - 2 potions of curing {unknown}
 p - 3 potions of berserk rage {unknown}
 r - a potion of flight {unknown}


   Skills:
 + Level 3.5 Fighting
 * Level 5.8 Bows
 + Level 3.6 Dodging
 + Level 3.3 Stealth


You had 6 spell levels left.
You didn't know any spells.
Your spell library contained the following spells:

 Spells                   Type           Power      Damage    Failure   Level
 Sandblast                Erth           0%         2d4       36%         1
 Slow                     Hex            0%         N/A       36%         1
 Passwall                 Tmut/Erth      0%         N/A       52%         2
 Sublimation of Blood     Necr           0%         N/A       52%         2
 Wereblood                Tmut           0%         N/A       52%         2
 Confusing Touch          Hex            0%         N/A       75%         3
 Stone Arrow              Conj/Erth      0%         3d7       75%         3
 Vampiric Draining        Necr           0%         2d6       75%         3
 Summon Hydra             Summ           0%         N/A       100%        7


Dungeon Overview and Level Annotations

Branches:
Dungeon (5/15)             Temple (0/1) D:4

Shops:
D:1 *

Annotations:
D:3 2 runed translucent doors, kraedy's ghost, amateur GrFi
D:4 Sigmund
D:5 Eustachio


Innate Abilities, Weirdness & Mutations

You have an increased reservoir of magic. (+10% MP)
You shall have no god before yourself.
Your divine heritage dramatically boosts your attributes as you level up.


Message History

The killer bee is lightly wounded.
You feel very sick. The killer bee stings you.
You are more poisoned.
The killer bee poisons you! The killer bee stings you.
You are more poisoned.
The killer bee poisons you!
A killer bee comes into view.
The killer bee barely misses you.
Okay, then.
Okay, then.
As you read the scroll labelled BIABIM ZIUSK, it crumbles to dust.
The creatures around you are filled with an inner flame!
It was a scroll of immolation.
You feel very sick. The killer bee barely misses you. x2
Unknown command.
Unknown command.
Blink to where?
Press: ? - help, Dir - move target, p - killer bee
As you read the scroll labelled USSUNU AWIADUYS, it crumbles to dust.
It was a scroll of blinking.
You feel very sick.
You feel very sick.
You feel very sick.
You feel sick.
You feel sick. The killer bee stings you.
* * * LOW HITPOINT WARNING * * *
You are lethally poisoned!
The killer bee poisons you! The killer bee stings you.
* * * LOW HITPOINT WARNING * * *
There is a stone staircase leading up, spattered with blood here.
Unknown command.
* * * LOW HITPOINT WARNING * * *
You feel very sick. The killer bee barely misses you.
The killer bee misses you. The killer bee closely misses you.
The killer bee misses you. x2
You climb upwards.
Level annotation: Sigmund You die...

## #......#.......... .#
#.##.#...#.###### .#
..##.##.#...#.# .#
..............# .# #..
....##.##.....#.# )#
##......###.##.##.##.#
.####........##.##.##.##.#
.......####....y##.......#
........##....#y@.....####
.#####..##...#######...##
.#####.###...# ##.....##
...#.........# ##.......#
.####........####.........#
.###.........†..'.........+
........#......##.........#
.......##.#.##.############
.....#.##.####..8


You could see 2 killer bees.

Vanquished Creatures
  2 ogres (D:5)
  A centaur (D:3)
  A scorpion (D:4)
  3 iguanas
  Natasha (D:2)
  A mummy (D:4)
  4 gnolls
  5 adders
  2 worms (D:2)
  A dart slug (D:4)
  4 orcs
  6 ball pythons
  7 endoplasms
  A giant cockroach (D:2)
  9 goblins
  7 hobgoblins
  6 jackals
  8 quokkas
  3 bats
  6 frilled lizards
  11 kobolds
  8 rats
97 creatures vanquished.

Vanquished Creatures (others)
  A withered plant (D:1)
1 creature vanquished.

Grand Total: 98 creatures vanquished

Notes
Turn   | Place    | Note
-------+----------+-------------------------------------------
     0 | D:1      | Hasart the Demigod Hunter began the quest for the Orb.
     0 | D:1      | Reached XP level 1. HP: 17/17 MP: 3/3
   114 | D:1      | Reached skill level 1 in Stealth
   193 | D:1      | Reached XP level 2. HP: 24/24 MP: 4/4
   205 | D:1      | Found Coloj's General Store.
   607 | D:1      | Reached skill level 4 in Bows
   608 | D:1      | Reached XP level 3. HP: 20/29 MP: 5/5
  1566 | D:2      | Noticed Natasha
  1571 | D:2      | Killed Natasha
  1572 | D:2      | Reached XP level 4. HP: 37/37 MP: 6/6
  2062 | D:3      | Noticed a centaur
  2069 | D:3      | Killed a centaur
  2070 | D:3      | Reached XP level 5. HP: 15/42 MP: 7/7
  2470 | D:3      | Identified the +3 whip of Ywke {vorpal, rF+ SInv}
  2526 | D:3      | Found a runed translucent door.
  2531 | D:3      | Noticed kraedy's ghost (amateur GrFi)
  2693 | D:3      | Found a runed translucent door.
  3185 | D:4      | Reached skill level 5 in Bows
  3640 | D:4      | Reached XP level 6. HP: 51/51 MP: 8/8
  3761 | D:4      | Found a staircase to the Ecumenical Temple.
  3794 | D:4      | Noticed Sigmund
  4162 | D:5      | Entered Level 5 of the Dungeon
  4269 | D:5      | Reached XP level 7. HP: 52/57 MP: 9/9
  4310 | D:5      | Noticed Eustachio
  4333 | D:4      | Succumbed to a killer bee's poison

Illustrated notes

Levels and vault maps discovered:
D:1:      dpeg_arrival_simpleton_c, layout_loops_ring, serial_shops,
          nicolae_shop_window_shopping, shapermc_ecumenical_altar_flowoftime
D:2:      layout_basic, nicolae_figureground_pulse, uniq_natasha
D:3:      layout_basic, general_overflow_altar, mainiacjoe_overflow_brackets,
          ebering_ghost_sewer_f, minmay_misc_feat_square, amethyst_killhole,
          minmay_between
D:4:      layout_loops_corners, slow_altar_1, minmay_temple_entry_purple_smoke,
          hangedman_decor_growths, chequers_avenue, minmay_checkerbox,
          uniq_duvessa, uniq_sigmund
D:5:      layout_rooms, old_standard_altar, uniq_eustachio,
          uniq_crazy_yiuf_cottage

Skill      XL: |  1  2  3  4  5  6 |
---------------+-------------------+-----
Stealth        | 1 2 3 |  3.3
Fighting       | 2 3 |  3.5
Dodging        | 2 3 |  3.6
Bows           | 4 5 |  5.8

Action                   |  1- 3 |  4- 6 |  7- 9 || total
-------------------------+-------+-------+-------++-------
 Fire: Shortbow          |    98 |   177 |     4 ||   279
  Use: Scroll            |       |       |     2 ||     2
Armor: Leather armour    |    11 |     4 |     2 ||    17
Dodge: Dodged            |    34 |    36 |    18 ||    88

Table legend: (Time is in decaauts)
 A = Elapsed time spent in this place.
 B = Non-inter-level travel time spent in this place.
 C = Inter-level travel time spent in this place.
 D = Time resting spent in this place.
 E = Time spent auto-exploring this place.
 F = Levels seen in this place.
 G = Mean time per level.
                   A        B        C        D        E       F      G
               +--------+--------+--------+--------+--------+-----+--------+
         Total |   4418 |   4221 |    197 |    376 |   3242 |   5 |  883.6 |
       Dungeon |   4418 |   4221 |    197 |    376 |   3242 |   5 |  883.6 |
               +--------+--------+--------+--------+--------+-----+--------+

Top non-repeatable levels by time:
     D:3: 1331 daAuts
     D:2: 1185 daAuts
     D:1: 898 daAuts
     D:4: 827 daAuts
     D:5: 175 daAuts
